 Dungeon Crawl Stone Soup version 0.31.0-10-gcf4a605ca0 (webtiles) character file.

Game seed: 5403775100197317175

0 SnakkuSnakku7 the Caller (level 1, 0/14 HPs)
             Began as a Ghoul Summoner on Jan 26, 2024.
             Slain by a giant cockroach (2 damage)
             ... on level 1 of the Dungeon.
             The game lasted 00:00:18 (92 turns).

SnakkuSnakku7 the Caller (Ghoul Summoner)             Turns: 92, Time: 00:00:19

Health: 0/14       AC:  2    Str: 11    XL:     1   Next: 10%
Magic:  2/3        EV: 12    Int: 14    God:
Gold:   5          SH:  0    Dex:  9    Spells: 2/3 levels left

rFire   . . .        (no weapon)
rCold   + . .        (no shield)
rNeg    + + +        a - +0 robe
rPois   ∞            (no helmet)
rElec   .            (no cloak)
rCorr   .            (no gloves)
SInv    .            (no boots)
Will    .....        (no amulet)
Stlth   ++           (no ring)
HPRegen 0.00/turn    (no ring)
MPRegen 0.08/turn

%: no passive effects
@: inhibited regen
A: claws 1, cold resistance 1, negative energy resistance 3, inhibited
regeneration, torment resistance 2, devour on kill
a: no special abilities


You were on level 1 of the Dungeon.
You visited 1 branch of the dungeon, and saw 1 of its levels.

You collected 16 gold pieces.
You spent 11 gold pieces at shops.

Inventory:

Armour
 a - a +0 robe (worn)
Potions
 b - a potion of magic
 c - a potion of degeneration {unknown}


   Skills:
 + Level 0.1 Fighting
 - Level 1.7 Dodging
 - Level 2.1 Stealth
 + Level 0.1 Unarmed Combat
 - Level 1.7 Spellcasting
 - Level 3.6 Summonings


You had 2 spell levels left.
You knew the following spells:

 Your Spells              Type           Power      Damage    Failure   Level
a - Summon Small Mammal   Summ           44%        N/A       5%          1

Your spell library contained the following spells:

 Spells                   Type           Power      Damage    Failure   Level
 Call Imp                 Summ           22%        N/A       9%          2
 Call Canine Familiar     Summ           11%        N/A       17%         3
 Summon Blazeheart Golem  Fire/Summ      6%         N/A       75%         4
 Summon Lightning Spire   Summ/Air       6%         N/A       75%         4


Dungeon Overview and Level Annotations

Branches:
Dungeon (1/15)

Altars:

Shops:
D:1 *


Innate Abilities, Weirdness & Mutations

You are immune to poison.
You have sharp fingernails.
Your flesh is cold resistant. (rC+)
You are immune to negative energy. (rN+++)
You do not regenerate when monsters are visible.
You are immune to unholy pain and torment.
You thrive by killing the living.


Message History

You closely miss the goblin. The giant cockroach bites you.
The goblin hits you with a +0 dagger.
You scratch the goblin.
The goblin is heavily wounded.
A quokka comes into view.
The giant cockroach completely misses you.
The goblin barely misses you.
You barely miss the goblin.
The goblin is heavily wounded.
The giant cockroach bites you. The giant cockroach closely misses you.
The goblin barely misses you.
You miss the goblin.
The goblin is heavily wounded.
The giant cockroach bites you. The goblin hits you with a +0 dagger.
You are too injured to fight recklessly!
The giant cockroach attacks as it pursues you!
The giant cockroach closely misses you.
Found a yellow potion.
You see here a scroll of noise.
You closely miss the giant cockroach. The giant cockroach bites you.
* * * LOW HITPOINT WARNING * * *
The giant cockroach closely misses you.
You scratch the giant cockroach.
The giant cockroach is severely wounded.
The giant cockroach bites you but does no damage.
You closely miss the giant cockroach.
The giant cockroach is severely wounded.
The giant cockroach bites you.
* * * LOW HITPOINT WARNING * * *
You scratch the giant cockroach but do no damage.
The giant cockroach is severely wounded.
The giant cockroach bites you but does no damage.
You scratch the giant cockroach but do no damage.
The giant cockroach is severely wounded.
The giant cockroach closely misses you. The giant cockroach misses you.
Casting: Summon Small Mammal (safe; 5% risk of failure)
Confirm with . or Enter, or press ? or * to list all spells.
The giant cockroach bites you.
You die...

#...## .... ...
.....#.#####..####.#...
#....#.........r.....
##.#.# #.##..####.###.
##.#.####.##.g.........
##......#......rr####.
8..........##.##g#
.###.##......>##B#
8............###@#
.............(.....#
8..#.##..#.#...b......
.#.#.##.......##.#.####
..............##!#.#
.#.#.###.#.#..##.#.#
.#.#.# #.#.#..##.# #
.#.#)###.#.. ..#
.........###.. ####


You could see a quokka, a giant cockroach (ally target), a goblin, a rat and a
friendly bat (summoned).

Vanquished Creatures
  A frilled lizard (D:1)
1 creature vanquished.

Notes
Turn   | Place    | Note
-------+----------+-------------------------------------------
     0 | D:1      | SnakkuSnakku7 the Ghoul Summoner began the quest for the
                  | Orb.
     0 | D:1      | Reached XP level 1. HP: 14/14 MP: 3/3
    51 | D:1      | Found Doaduygg's General Store.
    59 | D:1      | Bought a scroll of noise for 11 gold pieces
    92 | D:1      | Slain by a giant cockroach

Illustrated notes

Levels and vault maps discovered:
D:1:      onia_arrival_pyramid, layout_loops_ring,
          chequers_ecumenical_altar_simple_redux, serial_shops,
          nicolae_shop_temple_entry_statues_fountains

Action                     || total
---------------------------++-------
  Melee: Unarmed           ||    10
   Cast: Summon Small Mamm ||     1
 Armour: Robe              ||    11
  Dodge: Dodged            ||     9
